 Dungeon Crawl Stone Soup version 0.31.0-32-g396128a36d (webtiles) character file.

Game seed: 12631231509144563370

15797 unlimited1921 the Thaumaturge (level 12, -5/91 HPs)
             Began as a Gnoll Fire Elementalist on Apr 18, 2024.
             Was an Elder of Fedhas.
             Killed from afar by a fire dragon (29 damage)
             ... with a blast of flame
             ... on level 12 of the Dungeon.
             The game lasted 01:12:06 (23315 turns).

unlimited1921 the Thaumaturge (GnFE)               Turns: 23315, Time: 01:12:06

Health: -5/91      AC: 20    Str:  4    XL:     12   Next: 30%
Magic:  11/25      EV: 10    Int: 25    God:    Fedhas [****..]
Gold:   624        SH:  5    Dex: 12    Spells: 20/29 levels left

rFire   . . .        y - +6 long sword (protect)
rCold   . . .        (no shield)
rNeg    . . .        m - +5 ring mail "Roph" {rElec Regen+ Str-5}
rPois   .            V - +2 hat {SInv}
rElec   +            N - +1 cloak {Will+}
rCorr   .            (no gloves)
SInv    +            (no boots)
Will    +....        x - amulet of reflection
Stlth   +++          q - +4 ring of protection
HPRegen 1.15/turn    w - +6 ring of intelligence
MPRegen 0.19/turn

%: reflection
@: about to teleport
A: fangs 1, strong nose, distributed training
a: Renounce Religion, Wall of Briars, Grow Ballistomycete, Overgrow


You were on level 12 of the Dungeon.
You worshipped Fedhas.
Fedhas was greatly pleased with you.
You visited 2 branches of the dungeon, and saw 14 of its levels.

You collected 827 gold pieces.
You spent 203 gold pieces at shops.

Inventory:

Hand Weapons
 e - a +4 dire flail of venom
 f - a +1 demon whip of venom
 n - a +1 heavy shortbow
 y - a +6 long sword of protection (weapon)
 L - a +3 war axe of freezing
 M - a +4 quarterstaff of chaos
 R - a +2 long sword of electrocution
Missiles
 h - 43 poisoned darts
 p - 3 boomerangs
 r - 6 curare-tipped darts
Armour
 a - +0 steam dragon scales
 m - the +5 ring mail "Roph" (worn) {rElec Regen+ Str-5}
   (You found it on level 8 of the Dungeon)

   Str-5:     It affects your strength (-5).
   rElec:     It insulates you from electricity.
   Regen+:    It increases your rate of health regeneration.
 N - a +1 cloak of willpower (worn)
 V - a +2 hat of see invisible (worn)
Magical Staves
 H - a staff of air
Jewellery
 q - a +4 ring of protection (left hand)
 w - a +6 ring of intelligence (right hand)
 x - an amulet of reflection (around neck)
 B - a ring of flight
 P - a ring of see invisible
 X - a ring of resist corrosion
Wands
 j - a wand of polymorph (9) (quivered)
 F - a wand of mindburst (11)
 K - a wand of light (9)
 W - a wand of iceblast (6)
Scrolls
 c - 7 scrolls of teleportation
 g - 3 scrolls of blinking {unknown}
 i - a scroll of brand weapon {unknown}
 k - a scroll of vulnerability {unknown}
 l - 4 scrolls of fog {unknown}
 t - 2 scrolls of acquirement {unknown}
 u - 3 scrolls of enchant weapon {unknown}
 A - 2 scrolls of immolation {unknown}
 D - 2 scrolls of fear {unknown}
 E - a scroll of poison {unknown}
 J - a scroll of revelation {unknown}
 U - 3 scrolls of amnesia {unknown}
Potions
 b - 3 potions of magic
 d - 4 potions of curing
 o - a potion of invisibility
 s - a potion of mutation
 v - a potion of haste
 z - 2 potions of degeneration {unknown}
 C - 2 potions of might
 G - 2 potions of ambrosia
 I - a potion of resistance
 O - 3 potions of lignification {unknown}
 Q - 2 potions of brilliance {unknown}
 S - a potion of enlightenment
 T - a potion of cancellation


   Skills:
 + Level 7.4 Fighting
 + Level 7.4 Short Blades
 + Level 7.4 Long Blades
 + Level 7.4 Axes
 + Level 7.4 Maces & Flails
 + Level 7.4 Polearms
 + Level 7.4 Staves
 + Level 7.4 Ranged Weapons
 + Level 7.4 Throwing
 + Level 7.4 Armour
 + Level 8.8 Dodging
 + Level 8.6 Stealth
 + Level 7.4 Shields
 + Level 7.4 Unarmed Combat
 + Level 9.0 Spellcasting
 + Level 6.6 Conjurations
 + Level 6.1 Hexes
 + Level 6.1 Summonings
 + Level 6.1 Necromancy
 + Level 6.1 Translocations
 + Level 8.3 Fire Magic
 + Level 6.1 Ice Magic
 + Level 6.1 Air Magic
 + Level 6.1 Earth Magic
 + Level 6.1 Alchemy
 + Level 8.1 Invocations
 + Level 7.4 Evocations
 + Level 6.7 Shapeshifting


You had 20 spell levels left.
You knew the following spells:

 Your Spells              Type           Power      Damage    Failure   Level
a - Foxfire               Conj/Fire      100%       2x1d9     1%          1
b - Scorch                Fire           100%       2d9       1%          2
c - Volatile Blastmotes   Fire/Tloc      94%        2d17      3%          3
d - Inner Flame           Hex/Fire       47%        N/A       3%          3

Your spell library contained the following spells:

 Spells                   Type           Power      Damage    Failure   Level
 Flame Wave               Conj/Fire      48%        2d12      11%         4


Dungeon Overview and Level Annotations

Branches:
Dungeon (13/15)            Temple (1/1) D:7            Lair (0/5) D:10
    Orc: D:9-12      Vaults: D:13-14

Altars:
Ashenzari
Cheibriados
Dithmenos
Elyvilon
Fedhas
Gozag
Hepliaklqana
Kikubaaqudgha
Makhleb
Nemelex Xobeh
Okawaru
Qazlal
Ru
Sif Muna
Trog
Uskayaw
Vehumet
Wu Jian
Xom
Yredelemnul
Zin
The Shining One

Shops:
D:2 =   D:6 [   D:7 *

Annotations:
D:9 1 runed translucent door, PaiMei's ghost, journeyman DsNe


Innate Abilities, Weirdness & Mutations

You have very sharp teeth.
Your uncanny sense of smell can sniff out nearby items.
Your experience applies equally to all skills.


Message History

Confirm with . or Enter, or press ? or * to list all spells.
Flames lash the fire dragon.
The fire dragon completely resists.
The fire dragon is engulfed in blazing flames.
The fire dragon closely misses you.
The fire dragon claws you but does no damage.
The fire dragon barely misses you.
Casting: Scorch (safe; 1% risk of failure)
Confirm with . or Enter, or press ? or * to list all spells.
Flames lash the fire dragon.
The fire dragon resists.
The fire dragon is moderately wounded.
The fire dragon's fire resistance burns away.
The fire dragon is engulfed in blazing flames.
The fire dragon bites you.
The fire dragon claws you but does no damage.
The fire dragon tramples you but does no damage.
Casting: Scorch (safe; 1% risk of failure)
Confirm with . or Enter, or press ? or * to list all spells.
Flames lash the fire dragon.
The fire dragon resists.
The fire dragon is heavily wounded.
The fire dragon is engulfed in blazing flames.
The fire dragon bites you but does no damage.
The fire dragon claws you but does no damage.
The fire dragon tramples you.
You stumble backwards!
The fire dragon breathes flames at you. The blast of flame hits you!!!
* * * LOW HITPOINT WARNING * * *
Items here: )) [[.
As you read the scroll of teleportation, it crumbles to dust.
You feel strangely unstable.
The fire dragon is no longer more vulnerable to fire.
The fire dragon attacks as it pursues you!
The fire dragon bites you.
* * * LOW HITPOINT WARNING * * *
The fire dragon claws you but does no damage.
The fire dragon tramples you but does no damage.
You see here a +0 hand axe.
The fire dragon breathes flames at you. The blast of flame hits you!!
You die...
Fedhas appreciates your contribution to the ecosystem.

####.#.### .....#.# .......#
######## ### ..#
..###########################
..'............[@)D...>°....#
..#########################.#
...# #.# ...# ############.#
...# #.........##.# ...#
#.#######.##J# ...# #.#
#.##.# ##.# #.# #.##.# #.#
#.# #.##.#


You could see a fire dragon (catching breath).

Vanquished Creatures
  Gastronok (D:10)
  Erolcha (D:10)
  3 two-headed ogres
  Amaemon (D:8)
  An ugly thing (D:11)
  2 slime creatures (D:12)
  A gargoyle (D:9)
  An orange demon (D:9)
  An unseen horror (D:10)
  Maggie (D:10)
  2 kobold demonologists (D:10)
  A komodo dragon (D:10)
  2 trolls
  A hornet (D:10)
  Sigmund (D:3)
  A wraith (D:9)
  23 yaks
  4 steam dragons
  Edmund (D:5)
  An acid dragon (D:9)
  A water moccasin (D:5)
  7 orc warriors
  A black bear (D:5)
  An ice beast (D:6)
  4 centaurs
  3 phantoms
  Blork the orc (D:6)
  4 kobold brigands
  8 bullfrogs
  3 scorpions
  6 wights
  6 killer bees (D:8)
  A howler monkey (D:8)
  A bombardier beetle (D:6)
  Crazy Yiuf (D:6)
  A gnoll bouda (D:7)
  7 orc priests
  4 hounds
  An iguana (D:6)
  8 orc wizards
  8 gnolls
  9 adders
  A river rat (D:6)
  3 white imps
  2 ufetubi (D:7)
  A ribbon worm (D:2)
  A dart slug (D:4)
  34 orcs
  6 bats
  2 endoplasms
  4 giant cockroaches
  4 goblins
  7 hobgoblins
  10 jackals
  22 kobolds
  3 quokkas
  8 ball pythons
  2 frilled lizards (D:1)
  9 rats
255 creatures vanquished.

Vanquished Creatures (collateral kills)
  2 foxfires (D:1)
2 creatures vanquished.

Vanquished Creatures (others)
  696 foxfires
696 creatures vanquished.

Grand Total: 953 creatures vanquished

Notes
Turn   | Place    | Note
-------+----------+-------------------------------------------
     0 | D:1      | unlimited1921 the Gnoll Fire Elementalist began the quest
                  | for the Orb.
     0 | D:1      | Reached XP level 1. HP: 13/13 MP: 6/6
    18 | D:1      | Reached XP level 2. HP: 20/20 MP: 1/7
  1128 | D:1      | Reached skill level 5 in Spellcasting
  1128 | D:1      | Reached XP level 3. HP: 25/25 MP: 6/9
  2183 | D:1      | Reached skill level 1 in Invocations
  2615 | D:1      | Learned a level 2 spell: Scorch
  2619 | D:1      | Learned a level 3 spell: Volatile Blastmotes
  2623 | D:1      | Learned a level 3 spell: Inner Flame
  2910 | D:2      | Found Egungodi's Jewellery Shop.
  3497 | D:2      | Reached skill level 1 in Fighting
  3497 | D:2      | Reached skill level 1 in Short Blades
  3497 | D:2      | Reached skill level 1 in Long Blades
  3497 | D:2      | Reached skill level 1 in Axes
  3497 | D:2      | Reached skill level 1 in Maces & Flails
  3497 | D:2      | Reached skill level 1 in Polearms
  3497 | D:2      | Reached skill level 1 in Staves
  3497 | D:2      | Reached skill level 1 in Ranged Weapons
  3497 | D:2      | Reached skill level 1 in Throwing
  3497 | D:2      | Reached skill level 1 in Armour
  3497 | D:2      | Reached skill level 1 in Shields
  3497 | D:2      | Reached skill level 1 in Unarmed Combat
  3497 | D:2      | Reached skill level 1 in Evocations
  3555 | D:2      | Reached skill level 1 in Shapeshifting
  3555 | D:2      | Reached XP level 4. HP: 16/32 MP: 3/11
  3858 | D:2      | Reached skill level 1 in Hexes
  3858 | D:2      | Reached skill level 1 in Summonings
  3858 | D:2      | Reached skill level 1 in Necromancy
  3858 | D:2      | Reached skill level 1 in Translocations
  3858 | D:2      | Reached skill level 1 in Ice Magic
  3858 | D:2      | Reached skill level 1 in Air Magic
  3858 | D:2      | Reached skill level 1 in Earth Magic
  3858 | D:2      | Reached skill level 1 in Alchemy
  4854 | D:2      | Reached XP level 5. HP: 37/37 MP: 9/12
  5448 | D:3      | Noticed Sigmund
  5457 | D:3      | Killed Sigmund
  5458 | D:3      | Reached skill level 5 in Dodging
  5458 | D:3      | Reached XP level 6. HP: 44/44 MP: 1/14
  6354 | D:3      | Found a blossoming altar of Fedhas.
  6356 | D:3      | Found an ancient bone altar of Kikubaaqudgha.
  6366 | D:3      | Became a worshipper of Fedhas Madash
  7313 | D:4      | Reached XP level 7. HP: 50/50 MP: 10/15
  7825 | D:4      | Found a glowing silver altar of Zin.
  8823 | D:5      | Entered Level 5 of the Dungeon
  9189 | D:5      | Reached skill level 5 in Stealth
  9192 | D:5      | Reached * piety under Fedhas
  9551 | D:5      | Found a radiant altar of Vehumet.
  9587 | D:5      | Found a broken altar of Ashenzari.
  9936 | D:6      | Noticed Edmund
  9947 | D:5      | Killed Edmund
  9948 | D:5      | Reached XP level 8. HP: 27/58 MP: 0/16
 10103 | D:5      | Reached skill level 6 in Spellcasting
 10150 | D:6      | Noticed Blork the orc
 10156 | D:6      | Killed Blork the orc
 10662 | D:6      | Found How Tago's Antique Armour Boutique.
 11201 | D:6      | Reached XP level 9. HP: 65/65 MP: 12/18
 11246 | D:6      | Reached ** piety under Fedhas
 12254 | D:6      | Found a runed translucent door.
 12255 | D:6      | Noticed Crazy Yiuf
 12261 | D:6      | Killed Crazy Yiuf
 13022 | D:7      | Found a basalt altar of Yredelemnul.
 13607 | D:7      | Found a staircase to the Ecumenical Temple.
 13616 | D:7      | Found Asoosast's Assorted Antiques.
 13629 | D:7      | Reached skill level 5 in Invocations
 13763 | D:7      | Bought a scroll labelled POBBUN SATUTON for 29 gold pieces
 13763 | D:7      | Bought a scroll labelled CIDOIC LAPYRIT for 29 gold pieces
 13763 | D:7      | Bought an agate ring for 145 gold pieces
 13989 | Temple   | Entered the Ecumenical Temple
 14501 | D:8      | Reached *** piety under Fedhas
 14721 | D:8      | Found a shadowy altar of Dithmenos.
 14779 | D:8      | Reached skill level 7 in Spellcasting
 15663 | D:8      | Reached skill level 5 in Fighting
 15663 | D:8      | Reached skill level 5 in Short Blades
 15663 | D:8      | Reached skill level 5 in Long Blades
 15663 | D:8      | Reached skill level 5 in Axes
 15663 | D:8      | Reached skill level 5 in Maces & Flails
 15663 | D:8      | Reached skill level 5 in Polearms
 15663 | D:8      | Reached skill level 5 in Staves
 15663 | D:8      | Reached skill level 5 in Ranged Weapons
 15663 | D:8      | Reached skill level 5 in Throwing
 15663 | D:8      | Reached skill level 5 in Armour
 15663 | D:8      | Reached skill level 5 in Shields
 15663 | D:8      | Reached skill level 5 in Unarmed Combat
 15663 | D:8      | Reached skill level 5 in Evocations
 15663 | D:8      | Reached XP level 10. HP: 74/74 MP: 15/20
 16843 | D:8      | Identified the +5 ring mail "Roph" {rElec Regen+ Str-5}
 16976 | D:8      | Noticed a two-headed ogre
 16986 | D:8      | Killed a two-headed ogre
 16987 | D:8      | Reached skill level 5 in Conjurations
 17547 | D:9      | Noticed Amaemon
 17547 | D:9      | Noticed an orange demon
 17562 | D:8      | Killed Amaemon
 17563 | D:8      | Reached skill level 5 in Shapeshifting
 17669 | D:9      | Killed an orange demon
 18013 | D:9      | Found a runed translucent door.
 18013 | D:9      | Noticed PaiMei's ghost (journeyman DsNe)
 18020 | D:9      | Reached **** piety under Fedhas
 18069 | D:9      | Noticed a gargoyle
 18101 | D:9      | Killed a gargoyle
 18236 | D:9      | Noticed a two-headed ogre
 18626 | D:9      | Killed a two-headed ogre
 18627 | D:9      | Reached skill level 8 in Spellcasting
 18627 | D:9      | Reached skill level 5 in Hexes
 18627 | D:9      | Reached skill level 5 in Summonings
 18627 | D:9      | Reached skill level 5 in Necromancy
 18627 | D:9      | Reached skill level 5 in Translocations
 18627 | D:9      | Reached skill level 5 in Ice Magic
 18627 | D:9      | Reached skill level 5 in Air Magic
 18627 | D:9      | Reached skill level 5 in Earth Magic
 18627 | D:9      | Reached skill level 5 in Alchemy
 18627 | D:9      | Reached XP level 11. HP: 51/81 MP: 10/23
 18859 | D:9      | Noticed a two-headed ogre
 18867 | D:9      | Killed a two-headed ogre
 19576 | D:10     | Entered Level 10 of the Dungeon
 20171 | D:10     | Found a staircase to the Lair.
 20281 | D:10     | Noticed a sun demon
 20505 | D:10     | Noticed Maggie
 20516 | D:10     | Killed Maggie
 20967 | D:10     | Noticed Erolcha
 21002 | D:10     | Killed Erolcha
 21384 | D:10     | Reached XP level 12. HP: 91/91 MP: 13/24
 21393 | D:10     | Noticed Gastronok
 21403 | D:10     | Killed Gastronok
 21623 | D:10     | Found an opulent altar of Gozag.
 22251 | D:10     | Reached skill level 9 in Spellcasting
 22650 | D:11     | You fall into a shaft and drop 1 floor!
 22665 | D:12     | Noticed a boulder beetle
 23297 | D:12     | a boulder beetle changed into a fire dragon
 23297 | D:12     | Noticed a fire dragon
 23315 | D:12     | Killed from afar by a fire dragon

Illustrated notes

Levels and vault maps discovered:
D:1:      orjb1_clovarrival, layout_loops_cross, minmay_liquid_box
D:2:      layout_basic, serial_shops, shop
D:3:      layout_basic, grunt_temple_overflow_growth_and_decay,
          grunt_decor_mini_mirrors, uniq_sigmund
D:4:      layout_basic, zin_treasury
D:5:      layout_rooms, cheibrodos_ashenzari_chains,
          mainiacjoe_overflow_cross_hatched
D:6:      layout_loops_ring, serial_shops, nicolae_shop_just_a_little_nook,
          portal_sewer_entry_e, uniq_crazy_yiuf_cottage, uniq_blork_the_orc,
          uniq_edmund
D:7:      layout_gridville, lemuel_doored_altar,
          minmay_temple_entry_stoned_glass, serial_shops, nicolae_stop_n_shop_2
D:8:      layout_loops_corners, grunt_dithmenos_smoke_and_mirrors,
          small_chamber_with_monster
D:9:      layout_basic, hellmonk_ghost_happy_afterlife, uniq_amaemon
D:10:     layout_loops_ring, nicolae_gozag_cash_rules_everything_around_me,
          david_lair_shrubbed, uniq_erolcha, uniq_maggie, uniq_gastronok
D:11:     layout_irregular_city, david_orc_4, serial_column_ruins,
          column_ruins_square_large, column_ruins_grid_1,
          column_ruins_open_tiny, column_ruins_grid_1, column_ruins_open_tiny,
          column_ruins_columns_corner, column_ruins_columns_T, minivault_24
D:12:     layout_basic, nicolae_neqoxec_dot_bat
D:13:     minmay_containers, layout_small_grid, serial_shops,
          nicolae_shop_statue_plus, bh_hangedman_babel_library
Temple:   nicolae_temple_ecumenical_triangle

Skill      XL: |  1  2  3  4  5  6  7  8  9 10 11 12 |
---------------+-------------------------------------+-----
Conjurations   | 2 3 4 5 6 |  6.6
Spellcasting   | 5 6 7 8 9 |  9.0
Invocations    | 1 2 3 4 5 6 7 8 |  8.1
Fighting       | 1 2 3 5 6 7 |  7.4
Short Blades   | 1 2 3 5 6 7 |  7.4
Long Blades    | 1 2 3 5 6 7 |  7.4
Axes           | 1 2 3 5 6 7 |  7.4
Maces & Flails | 1 2 3 5 6 7 |  7.4
Polearms       | 1 2 3 5 6 7 |  7.4
Staves         | 1 2 3 5 6 7 |  7.4
Ranged Weapons | 1 2 3 5 6 7 |  7.4
Throwing       | 1 2 3 5 6 7 |  7.4
Armour         | 1 2 3 5 6 7 |  7.4
Shields        | 1 2 3 5 6 7 |  7.4
Unarmed Combat | 1 2 3 5 6 7 |  7.4
Evocations     | 1 2 3 5 6 7 |  7.4
Shapeshifting  | 1 2 3 4 5 6 |  6.7
Hexes          | 1 2 3 4 5 6 |  6.1
Summonings     | 1 2 3 4 5 6 |  6.1
Necromancy     | 1 2 3 4 5 6 |  6.1
Translocations | 1 2 3 4 5 6 |  6.1
Ice Magic      | 1 2 3 4 5 6 |  6.1
Air Magic      | 1 2 3 4 5 6 |  6.1
Earth Magic    | 1 2 3 4 5 6 |  6.1
Alchemy        | 1 2 3 4 5 6 |  6.1
Dodging        | 5 6 7 8 |  8.8
Stealth        | 5 6 7 8 |  8.6
Fire Magic     | 6 7 8 |  8.3

Action                     |  1- 3 |  4- 6 |  7- 9 | 10-12 || total
---------------------------+-------+-------+-------+-------++-------
  Melee: Mace              |     3 |     6 |       |       ||     9
         Bite              |       |     1 |     4 |    12 ||    17
         Flail             |       |       |    39 |    47 ||    86
         Punch             |       |       |     1 |     5 ||     6
         Long sword        |       |       |       |    26 ||    26
  Throw: Dart              |       |       |       |    42 ||    42
         Throwing net      |       |       |       |     2 ||     2
   Cast: Foxfire           |    61 |    63 |   188 |   146 ||   458
         Scorch            |     5 |    10 |    66 |   109 ||   190
         Inner Flame       |       |     2 |    22 |    45 ||    69
         Volatile Blastmot |       |       |     3 |       ||     3
 Invoke: Overgrow          |       |       |       |     1 ||     1
  Evoke: Wand              |       |       |       |     4 ||     4
    Use: Potion            |       |       |     1 |     1 ||     2
         Scroll            |       |       |     7 |     4 ||    11
   Stab: Sleeping          |       |     1 |       |     1 ||     2
 Armour: Robe              |     2 |     9 |    65 |       ||    76
         Steam dragon scal |       |       |       |    25 ||    25
         Ring mail         |       |       |       |   152 ||   152
  Dodge: Dodged            |    12 |     9 |    81 |    82 ||   184
  Block: Other             |       |       |    26 |    26 ||    52
         Reflection        |       |       |     1 |     4 ||     5
